 Dungeon Crawl Stone Soup version 0.14-a0-736-g2a71271 (webtiles) character file.

158 PolkaDot the Chopper (level 4, -4/40 HPs)
             Began as a Hill Orc Fighter on Nov 7, 2013.
             Killed from afar by an orc wizard (9 damage)
             ... with a magic dart
             ... on Level 3 of the Dungeon.
             The game lasted 00:05:33 (1542 turns).

PolkaDot the Chopper (Hill Orc Fighter)             Turns: 1542, Time: 00:05:33

HP  -4/40        AC  7     Str 18      XL: 4   Next: 73%
MP   3/3         EV  6     Int  8      God:
Gold 58          SH 19     Dex 11      Spells:  0 memorised,  3 levels left

Res.Fire  : . . .   See Invis. : .   a - +0 orc hand axe
Res.Cold  : . . .   Warding    : .   b - +0 orc scale mail
Life Prot.: . . .   Conserve   : .   c - +0 orc shield
Res.Poison: .       Res.Corr.  : .   (no helmet)
Res.Elec. : .       Clarity    : .   (no cloak)
Sust.Abil.: . .     Spirit.Shd : .   (no gloves)
Res.Mut.  : .       Stasis     : .   (no boots)
Res.Rott. : .       Flight     : .   t - amulet of faith {unknown}
Saprovore : + . .                    (no ring)
                                     (no ring)

@: slightly resistant to hostile enchantments, extremely unstealthy
A: saprovore 1
a: no special abilities


You were on level 3 of the Dungeon.
You were not hungry.

You visited 1 branch of the dungeon, and saw 3 of its levels.

You collected 58 gold pieces.

Inventory:

Hand weapons
 a - a +0,+0 orcish hand axe (weapon)
 l - a +0,+0 mace
 p - a -1,+1 orcish mace
Armour
 b - a +0 orcish scale mail (worn)
 c - a +0 orcish shield (worn)
Comestibles
 d - 2 meat rations
 k - a bread ration
 n - 2 rotting chunks of gnoll flesh
 q - 4 rotting chunks of gnoll flesh
 s - 2 rotting chunks of goblin flesh
 u - a choko
 v - a chunk of giant newt flesh
 w - a chunk of ball python flesh
Scrolls
 e - a scroll of enchant weapon I {unknown}
 f - 4 scrolls of remove curse {unknown}
 h - a scroll of curse jewellery {unknown}
 i - a scroll of identify {unknown}
 o - a scroll of amnesia {unknown}
 r - a scroll of magic mapping {unknown}
Jewellery
 t - an amulet of faith (around neck) {unknown}
Potions
 g - a potion of curing {unknown}
 j - a potion of brilliance {unknown}
 m - a potion of restore abilities


   Skills:
 + Level 4.6 Fighting
 * Level 4.8 Axes
 + Level 4.0 Armour
 - Level 3.2 Shields


You had 3 spell levels left.
You didn't know any spells.

Dungeon Overview and Level Annotations

Branches:
Dungeon (3/27)

Altars:
Makhleb


Innate Abilities, Weirdness & Mutations

You can tolerate rotten meat.


Message History

The orc wizard is heavily wounded.
You hit the orc.
The orc is severely wounded.
You hit the orc but do no damage.
The orc is lightly wounded.
The orc wizard hits you with an orcish dagger.
You block the orc's attack. The orc hits you with an orcish mace.
The orc wizard hits you with an orcish dagger.
The orc wizard casts a spell at you. The magic dart hits you!
The orc wizard hits you with an orcish dagger.
* * * LOW HITPOINT WARNING * * *
The orc wizard gestures at you while chanting.
The magic dart hits you!
* * * LOW HITPOINT WARNING * * *
Drink which item? (? for menu, Esc to quit)
You feel refreshed.
It was a potion of restore abilities.
The orc wizard gestures at you while chanting.
The magic dart hits you!
You die...

#.........######..
#.###............#
.................#
#................#
.................#
.[#..............#
..#..............#
..#..#####.....#.# ##
..#..# #.###.#@# .. . ..#
.# #.#...#o###.#...##
..#..#####.#.#.#o.)...._...
..#..............o.......##
....#####..........#..####
............[............
#########.####.###.#..###
#.........# #.....#..#
#.######### ####### ..


You could see an orc wizard and 2 orcs.

Vanquished Creatures
  An orc wizard (D:3)
  An adder (D:2)
  3 gnolls (D:2)
  4 orcs (D:3)
  2 giant cockroaches
  4 goblins
  A hobgoblin (D:1)
  A ball python (D:3)
  4 bats
  A giant newt (D:3)
  10 kobolds
  2 quokkas (D:2)
  A rat (D:2)
35 creatures vanquished.

Notes
Turn   | Place    | Note
--------------------------------------------------------------
     0 | D:1      | PolkaDot, the Hill Orc Fighter, began the quest for the Orb.
     0 | D:1      | Reached XP level 1. HP: 19/19 MP: 0/0
   491 | D:1      | Reached XP level 2. HP: 23/26 MP: 1/1
   553 | D:2      | Reached skill level 4 in Fighting
   736 | D:2      | Reached XP level 3. HP: 33/33 MP: 2/2
  1174 | D:2      | Reached XP level 4. HP: 19/40 MP: 3/3
  1527 | D:3      | Found a burning altar of Makhleb.
  1542 | D:3      | Killed from afar by an orc wizard

Action                   |  1- 3 |  4- 6 || total
-------------------------+-------+-------++-------
Melee: Hand axe          |    90 |    49 ||   139
  Use: Potion            |       |     1 ||     1
